 Dungeon Crawl Stone Soup version 0.23.2-30-g0e89c35649 (webtiles) character file.

Game seed: 1439241861424778994

12475 funkygono the Blocker (level 12, -3/96 HPs)
             Began as a Formicid Fighter on June 17, 2019.
             Was a High Priest of the Shining One.
             Slain by an eight-headed hydra (10 damage)
             ... on level 11 of the Dungeon.
             The game lasted 00:36:37 (11345 turns).

funkygono the Blocker (Formicid Fighter)           Turns: 11345, Time: 00:36:37

Health: -3/96      AC: 18    Str: 24    XL:     12   Next: 20%
Magic:  15/15      EV: 12    Int: 10    God:    the Shining One [*****.]
Gold:   555        SH: 12    Dex: 10    Spells: 12/13 levels left

rFire    + . .     SeeInvis +   i - +3 flail (protect)
rCold    + . .     Gourm    .   c - +0 shield
rNeg     + + .     Faith    .   a - +2 ring mail {rC+}
rPois    +         Spirit   .   (helmet unavailable)
rElec    .         Reflect  .   r - scarf {repulsion}
rCorr    .         Harm     .   p - +1 pair of gloves
MR       +....                  (no boots)
Stlth    +.........             (no amulet)
HPRegen  0.26/turn              b - ring of poison resistance
MPRegen  0.14/turn              z - ring of protection from fire

@: protection aura, glowing, repel missiles
A: permanent stasis, dig shafts and tunnels, four strong arms, antennae 3
a: Dig, Shaft Self, Divine Shield, Cleansing Flame, Summon Divine Warrior,
Renounce Religion


You were on level 11 of the Dungeon.
You worshipped the Shining One.
The Shining One was extremely pleased with you.
You were not hungry.

You visited 2 branches of the dungeon, and saw 12 of its levels.
You also visited: Ossuary.

You collected 555 gold pieces.

Inventory:

Hand Weapons
 i - a +3 flail of protection (weapon)
 n - a +2 whip of freezing
Missiles
 g - 387 stones (quivered)
 v - 50 sling bullets
Armour
 a - a +2 ring mail of cold resistance (worn)
 c - a +0 shield (worn)
 p - a +1 pair of gloves (worn)
 r - a scarf of repulsion (worn)
 F - the +2 ratskin cloak {+Rats rPois rN+ Str-1 Int-1 Dex+1}
   (You found it on level 8 of the Dungeon)

   It affects your strength (-1).
   It affects your intelligence (-1).
   It affects your dexterity (+1).
   It protects you from poison.
   It protects you from negative energy.
Magical Staves
 m - an uncursed staff of earth
 D - an uncursed staff of power
Jewellery
 b - a ring of poison resistance (left hand)
 d - an uncursed ring of protection from fire
 q - an uncursed ring of resist corrosion
 z - a ring of protection from fire (right hand)
Wands
 s - a wand of scattershot (7)
 C - a wand of iceblast (13)
Scrolls
 e - a scroll of fog
 h - 11 scrolls of remove curse
 y - a scroll of brand weapon
 B - a scroll of magic mapping {unknown}
 E - a scroll of vulnerability {unknown}
 G - a scroll of identify
Potions
 k - a potion of magic
 l - 2 potions of mutation
 o - a potion of flight
 t - a potion of agility
 u - 3 potions of lignification
 x - a potion of brilliance
 A - a potion of resistance
Comestibles
 f - 11 rations


   Skills:
 + Level 9.6 Fighting
 + Level 10.5 Maces & Flails
 + Level 8.0 Armour
 + Level 4.5 Dodging
 + Level 1.5 Stealth
 + Level 11.6 Shields
 + Level 1.0 Spellcasting
 + Level 1.0 Conjurations
 + Level 4.1 Invocations


You had 12 spell levels left.
You knew the following spells:

 Your Spells              Type           Power        Failure   Level  Hunger
a - Magic Dart            Conj           #...         32%         1    ##.....

Your spell library contained the following spells:

 Spells                   Type           Power        Failure   Level  Hunger
 Summon Butterflies       Summ           #.......     45%         1    ##.....
 Call Imp                 Summ           #.......     58%         2    ###....
 Slow                     Hex            #.......     58%         2    ###....
 Conjure Flame            Conj/Fire      #.......     77%         3    ####...
 Mephitic Cloud           Conj/Pois/Air  #.......     78%         3    ####...
 Call Canine Familiar     Summ           #.......     83%         3    ####...
 Summon Ice Beast         Ice/Summ       #.......     99%         4    #####..
 Summon Mana Viper        Hex/Summ       #.......     100%        5    ######.
 Haunt                    Necr/Summ      #.........   100%        7    #######
 Summon Hydra             Summ           #.........   100%        7    #######
 Borgnjor's Revivificati  Necr           #.........   100%        8    #######
 Death's Door             Chrm/Necr      #.........   100%        8    #######
 Infestation              Necr           #.........   100%        8    #######
 Necromutation            Tmut/Necr      #.........   100%        8    #######
 Blink                    Tloc           Unusable     N/A         2    N/A

Dungeon Overview and Level Annotations

Branches:
Dungeon (11/15)            Temple (1/1) D:5            Lair (0/6) D:8
    Orc: D:9-12

Altars:
Ashenzari
Cheibriados
Dithmenos
Elyvilon
Fedhas
Gozag
Hepliaklqana
Kikubaaqudgha
Makhleb
Nemelex Xobeh
Okawaru
Qazlal
Ru
Sif Muna
Trog
Uskayaw
Vehumet
Wu Jian
Xom
Yredelemnul
Zin
The Shining One

Annotations:
D:4 2 transporters, teukkam's ghost, amateur MiFi


Innate Abilities, Weirdness & Mutations

You cannot be hasted, slowed, berserked, paralysed or teleported.
You can dig through walls and to a lower floor.
Your four strong arms can wield two-handed weapons with a shield.
You have a pair of large antennae on your head. (SInv)


Message History

The eight-headed hydra is heavily wounded.
The eight-headed hydra closely misses you.
The eight-headed hydra bites you but does no damage.
The eight-headed hydra closely misses you.
You block the eight-headed hydra's attack. x2
The eight-headed hydra bites you!
* * * LOW HITPOINT WARNING * * *
The eight-headed hydra bites you but does no damage.
The eight-headed hydra bites you!
* * * LOW HITPOINT WARNING * * *
You hit the eight-headed hydra.
The eight-headed hydra is heavily wounded.
The eight-headed hydra bites you.
* * * LOW HITPOINT WARNING * * *
You block the eight-headed hydra's attack. x2
The eight-headed hydra bites you but does no damage. x2
You block the eight-headed hydra's attack.
The eight-headed hydra bites you but does no damage.
The eight-headed hydra bites you!
You die...

#..# ###(.## .. ####.....# #.
###....###(### .##..##..#
#...#### #...## ..# ..#D.# #.###
###..# #.# ....#### #.## ##.##
#.# #....... ...#
######..######.####.#.....
.#.............D@......%......>..
##############.#######..#........
#..# ##.#.#...# ######### ##.#
#...#...# ........#######.####
##..#..(#
#######.....#.<....#####..#...#
#####.#...)....##.......#
#.......##.##.###...#
##......##.#..# #...#


You could see an eight-headed hydra.

Vanquished Creatures
  Erolcha (D:11)
  Erica (D:11)
  3 two-headed ogres (D:9)
  An ugly thing (D:10)
  A cyclops (D:11)
  Psyche (D:11)
  A freezing wraith (D:10)
  A komodo dragon (D:10)
  A troll (D:10)
  2 hippogriffs
  A yak (D:10)
  A wyvern (D:9)
  Grum (D:11)
  Eustachio (D:6)
  3 hogs (D:10)
  A human (D:10)
  A hungry ghost (D:10)
  Menkaure (D:7)
  3 sky beasts
  5 orc warriors
  3 phantoms
  2 black bears
  An eye of draining (D:11)
  4 wolves
  7 ogres
  4 centaurs
  3 big kobolds
  2 elf zombies (Ossuary)
  5 bullfrogs
  A wyvern skeleton (D:11)
  10 killer bees
  5 scorpions
  3 howler monkeys
  2 crimson imps
  2 centaur zombies (Ossuary)
  2 bullfrog zombies
  4 hounds
  2 jellies
  A centaur skeleton (D:9)
  4 orc priests
  4 orc wizards
  A bullfrog skeleton (D:11)
  A human zombie (Ossuary)
  Natasha (thrice) (D:3 D:2)
  5 iguanas
  3 hell rats (D:8)
  11 worker ants
  A killer bee zombie (D:9)
  A big kobold zombie (Ossuary)
  2 hound zombies
  A hound skeleton (D:10)
  2 mummies (Ossuary)
  2 worker ant zombies
  4 gnolls (D:2)
  A howler monkey skeleton (D:8)
  14 adders
  4 river rats (D:8)
  6 shadow imps
  An ooze (D:4)
  4 adder skeletons
  2 adder zombies (Ossuary)
  4 worms
  3 dart slugs
  11 leopard geckos
  31 orcs
  3 ball pythons
  11 bats
  5 giant cockroaches
  4 hobgoblins
  7 jackals
  6 quokkas
  3 frilled lizards
  5 goblins
  A goblin zombie (Ossuary)
  11 hobgoblin zombies (Ossuary)
  A jackal zombie (Ossuary)
  18 kobolds
  9 kobold zombies (Ossuary)
  6 orc zombies (Ossuary)
  18 rats
  A rat zombie (Ossuary)
329 creatures vanquished.

Vanquished Creatures (others)
  6 plants (D:4)
6 creatures vanquished.

Grand Total: 335 creatures vanquished

Notes
Turn   | Place    | Note
-------+----------+-------------------------------------------
     0 | D:1      | funkygono the Formicid Fighter began the quest for the Orb.
     0 | D:1      | Reached XP level 1. HP: 18/18 MP: 1/1
   107 | D:1      | Reached XP level 2. HP: 22/24 MP: 2/2
   353 | D:1      | Reached XP level 3. HP: 30/30 MP: 3/3
   465 | D:1      | Reached skill level 4 in Shields
   751 | D:1      | Reached XP level 4. HP: 29/37 MP: 4/4
  1093 | D:2      | Found a shattered altar of Ashenzari.
  1239 | D:2      | Reached XP level 5. HP: 12/42 MP: 5/5
  1642 | D:3      | Noticed Natasha
  1665 | D:3      | Killed Natasha
  1684 | D:3      | Noticed Natasha
  1984 | D:2      | Killed Natasha
  1984 | D:2      | Reached skill level 1 in Dodging
  2082 | D:2      | Noticed Natasha
  2092 | D:2      | Killed Natasha
  2092 | D:2      | Reached XP level 6. HP: 18/48 MP: 6/6
  2446 | D:3      | Reached skill level 5 in Shields
  2902 | D:2      | Found a shadowy altar of Dithmenos.
  3212 | D:4      | Noticed teukkam's ghost (amateur MiFi)
  3478 | D:4      | Noticed an ogre
  3499 | D:4      | Killed an ogre
  3499 | D:4      | Reached skill level 5 in Armour
  3499 | D:4      | Reached XP level 7. HP: 14/55 MP: 7/7
  3734 | D:4      | Found a burning altar of Makhleb.
  3734 | D:4      | Found a snail-covered altar of Cheibriados.
  3791 | D:4      | Found a transporter.
  3792 | D:4      | Found a transporter.
  4271 | D:5      | Entered Level 5 of the Dungeon
  4297 | D:5      | Reached skill level 5 in Fighting
  4297 | D:5      | Reached XP level 8. HP: 55/62 MP: 8/8
  4510 | D:5      | Found a staircase to the Ecumenical Temple.
  4523 | D:5      | Reached skill level 6 in Shields
  4535 | Temple   | Entered the Ecumenical Temple
  4579 | Temple   | Became a worshipper of the Shining One
  4901 | D:5      | Reached skill level 5 in Maces & Flails
  5357 | D:6      | Noticed Eustachio
  5382 | D:6      | Killed Eustachio
  5382 | D:6      | Reached skill level 7 in Shields
  5438 | D:6      | Reached XP level 9. HP: 56/69 MP: 9/9
  6054 | D:7      | Found an ornate altar of the Wu Jian Council.
  6066 | D:7      | Reached * piety under the Shining One
  6084 | D:7      | Reached skill level 8 in Shields
  6424 | D:7      | Found a blossoming altar of Fedhas.
  6503 | D:7      | Noticed Menkaure
  6509 | D:7      | Killed Menkaure
  6631 | D:8      | Found a sand-covered staircase.
  6691 | Ossuary  | Entered an ossuary
  6726 | Ossuary  | Reached ** piety under the Shining One
  6810 | Ossuary  | Reached *** piety under the Shining One
  6937 | Ossuary  | Reached **** piety under the Shining One
  7028 | D:8      | Found a staircase to the Lair.
  7066 | D:8      | Reached XP level 10. HP: 78/79 MP: 6/10
  7148 | D:8      | Reached skill level 9 in Shields
  7401 | D:8      | You fall through a shaft!
  7402 | D:9      | Noticed a two-headed ogre
  7418 | D:9      | Reached skill level 1 in Invocations
  7430 | D:9      | HP: 3/79 [two-headed ogre/+0 giant spiked club (18)]
  7432 | D:9      | Killed a two-headed ogre
  7432 | D:9      | Reached skill level 1 in Stealth
  7884 | D:9      | Noticed a two-headed ogre
  7894 | D:9      | Killed a two-headed ogre
  7894 | D:9      | Reached skill level 10 in Shields
  7930 | D:9      | Reached XP level 11. HP: 86/86 MP: 13/13
  7994 | D:9      | Reached ***** piety under the Shining One
  8369 | D:8      | Found the +2 ratskin cloak {+Rats rPois rN+ Str-1 Int-1
                  | Dex+1}
  8590 | D:8      | Learned a level 1 spell: Magic Dart
  8696 | D:9      | Noticed a two-headed ogre
  8716 | D:9      | Killed a two-headed ogre
  9126 | D:10     | Entered Level 10 of the Dungeon
  9864 | D:10     | Reached skill level 1 in Spellcasting
  9868 | D:10     | Reached skill level 1 in Conjurations
 10025 | D:10     | Reached skill level 11 in Shields
 10072 | D:11     | Noticed a purple ugly thing
 10099 | D:10     | Killed a purple ugly thing
 10536 | D:11     | Noticed Grum
 10545 | D:11     | Killed Grum
 10645 | D:11     | Found a flagged portal.
 10703 | D:11     | Noticed Erica
 10704 | D:11     | Noticed Psyche
 10718 | D:11     | Reached skill level 10 in Maces & Flails
 10732 | D:11     | Killed Erica
 10742 | D:11     | Killed Psyche
 10742 | D:11     | Reached XP level 12. HP: 93/95 MP: 15/15
 10880 | D:11     | Noticed Erolcha
 10900 | D:11     | Killed Erolcha
 10962 | D:11     | HP: 2/96 [freezing wraith (7)]
 10972 | D:11     | Noticed an eight-headed hydra
 11345 | D:11     | Slain by an eight-headed hydra

Skill      XL: |  1  2  3  4  5  6  7  8  9 10 11 |
---------------+----------------------------------+-----
Shields        | 4 5 7 8 10 11 | 11.6
Armour         | 4 5 6 7 8 |  8.0
Fighting       | 4 5 6 7 8 9 |  9.6
Dodging        | 1 2 3 4 |  4.5
Maces & Flails | 3 4 5 7 8 10 | 10.5
Invocations    | 3 4 |  4.1
Stealth        | 1 |  1.5
Spellcasting   | 1 |  1.0
Conjurations   | 1 |  1.0

Action                   |  1- 3 |  4- 6 |  7- 9 | 10-12 || total
-------------------------+-------+-------+-------+-------++-------
Melee: Flail             |    98 |   256 |   396 |   533 ||  1283
 Cast: Magic Dart        |       |       |       |     7 ||     7
Invok: Divine Shield     |       |       |     1 |       ||     1
       Cleansing Flame   |       |       |       |     3 ||     3
 Abil: Dig               |       |     5 |       |       ||     5
  Use: Scroll            |     5 |     3 |     7 |     8 ||    23
       Potion            |       |     1 |       |     9 ||    10
  Eat: Chunk             |       |     3 |    10 |    17 ||    30
       Ration            |       |     2 |       |     1 ||     3
Armor: Scale mail        |    55 |     3 |       |       ||    58
       Ring mail         |       |    95 |   126 |   175 ||   396
       Skin              |       |       |       |    20 ||    20
Dodge: Dodged            |    43 |   105 |   157 |   215 ||   520
       Deflected         |       |       |     1 |     7 ||     8
Block: Shield            |    66 |   136 |   226 |   353 ||   781
